 Dungeon Crawl Stone Soup version 0.29-a0-723-gce39da1c22 (console) character file.

Game seed: 16083839459939146154

29 om the Digger (level 3, -6/19 HPs)
             Began as a Gargoyle Earth Elementalist on June 28, 2022.
             Was an Initiate of Uskayaw.
             Mangled by Terence
             ... wielding a +6 vorpal flail
              (13 damage)
             ... on level 2 of the Dungeon.
             The game lasted 00:03:16 (1342 turns).

om the Digger (Gargoyle Earth Elementalist)         Turns: 1342, Time: 00:03:18

Health: -6/19      AC:  5    Str: 13    XL:     3   Next: 16%
Magic:  0/6        EV: 12    Int: 15    God:    Uskayaw [......]
Gold:   74         SH:  0    Dex: 10    Spells: 3/6 levels left

rFire   . . .      SeeInvis .   d - +0 dagger
rCold   . . .      Faith    .   (no shield)
rNeg    + . .      Spirit   .   a - +0 robe
rPois   ∞          Reflect  .   (no helmet)
rElec   +          Harm     .   (no cloak)
rCorr   .          Rampage  .   (no gloves)
Will    .....                   (no boots)
Stlth   ++........              (no amulet)
HPRegen 0.06/turn               (no ring)
MPRegen 0.10/turn               (no ring)

@: no status effects
A: sickness immunity, AC +3, negative energy resistance 1, electricity
resistance, torment resistance 1, petrification resistance
a: Renounce Religion


You were on level 2 of the Dungeon.
You worshipped Uskayaw.
Uskayaw was noncommittal.
You visited 1 branch of the dungeon, and saw 2 of its levels.

You collected 74 gold pieces.

Inventory:

Hand Weapons
 c - a +0 sling
 d - a +0 dagger (weapon)
Armour
 a - a +0 robe (worn)
Scrolls
 e - 3 scrolls of teleportation {unknown}
 h - a scroll of silence {unknown}
Potions
 b - a potion of magic
 f - a potion of curing {unknown}
 g - 2 potions of flight {unknown}


   Skills:
 + Level 1.9 Dodging
 + Level 2.7 Stealth
 + Level 2.3 Spellcasting
 - Level 1.0 Transmutations
 + Level 4.0 Earth Magic


You had 3 spell levels left.
You knew the following spells:

 Your Spells              Type           Power      Damage    Failure   Level
a - Sandblast             Erth           26%        2d8       4%          1
b - Passwall              Tmut/Erth      7%         N/A       12%         2

Your spell library contained the following spells:

 Spells                   Type           Power      Damage    Failure   Level
 Stone Arrow              Conj/Erth      14%        3d7       28%         3
 Petrify                  Tmut/Erth      9%         N/A       58%         4


Dungeon Overview and Level Annotations

Branches:
Dungeon (2/15)

Altars:
Uskayaw

Annotations:
D:2 Terence


Innate Abilities, Weirdness & Mutations

You are immune to sickness and miasma.
Your stone body is resilient. (AC +3)
You are immune to poison.
You resist negative energy. (rN+)
You are resistant to electric shocks. (rElec)
You are resistant to unholy torment.
You are immune to petrification.


Message History

You kill the quokka!
A worm comes into view.
No target in view!
Found a scale mail.
The blast of sand misses the worm.
The worm barely misses you. The worm bites you but does no damage.
The blast of sand hits the worm!
The worm is heavily wounded.
The blast of sand hits the worm.
The worm is severely wounded.
The worm bites you!
The blast of sand hits the worm.
The worm is almost dead.
The blast of sand hits the worm.
You kill the worm!
You start resting.
Magic restored.
HP restored.
Terence the Incautious comes into view.
He is wielding a +6 vorpal flail.
You see here a +0 robe.
The blast of sand hits Terence but does no damage.
Terence shouts!
The blast of sand hits Terence but does no damage.
Terence closely misses you.
Terence hits you with a +6 vorpal flail!
Okay, then.
Okay, then.
You stomp with the beat, sending a shockwave through the revellers around you!
Terence is heavily wounded.
You can no longer stomp with the beat.
Terence closely misses you.
You are too injured to fight recklessly!
Aiming: Sandblast (safe; 4% risk of failure)
Press: ? - help, Q - select action, (/) - cycle Shift-Dir - straight line, f/p - Terence
Aim: Terence, wielding a +6 vorpal flail and wearing a +0 chain mail (heavily wounded, 85% to hit)
The blast of sand hits Terence.
Terence is heavily wounded.
Terence completely misses you.
Terence hits you with a +6 vorpal flail!
Ouch! That really hurt!
You die...

#.# #.# ## #.#######.# .#
..........# .#
#.#######.####.# ?#
#.#............# .#
##########.#.####..........
.#
#.........÷...###.##.##.###
J# #.######..........# .#
.. .#
#.#####..)#...###.##.##. .
.# #.##........#...........
g# #.##.##...##@####.......
w# #.##.###.###.@...#......
.# #.##†# #.# ######......[
.# #.##†###.# ...## .#
#........# #.## .#
####.##### .. .#######.# ..
.........# ##########


You could see Terence.

Vanquished Creatures
  2 worms (D:2)
  A dart slug (D:1)
  2 endoplasms (D:1)
  2 hobgoblins
  7 jackals (D:1)
  2 kobolds
  A quokka (D:2)
  A ball python (D:2)
18 creatures vanquished.

Notes
Turn   | Place    | Note
-------+----------+-------------------------------------------
     0 | D:1      | om the Gargoyle Earth Elementalist began the quest for the
                  | Orb.
     0 | D:1      | Reached XP level 1. HP: 10/10 MP: 3/3
   300 | D:1      | Reached skill level 1 in Transmutations
   300 | D:1      | Reached XP level 2. HP: 7/15 MP: 3/5
   447 | D:1      | Learned a level 2 spell: Passwall
   817 | D:1      | Found a faded altar of an unknown god.
   825 | D:1      | Prayed at the altar of an unknown god.
   825 | D:1      | Became a worshipper of Uskayaw the Reveller
   825 | D:1      | Reached * piety under Uskayaw
   936 | D:2      | Reached ** piety under Uskayaw
  1049 | D:2      | Reached skill level 4 in Earth Magic
  1050 | D:2      | Reached XP level 3. HP: 11/19 MP: 1/6
  1338 | D:2      | Noticed Terence
  1342 | D:2      | Mangled by Terence

Illustrated notes

Levels and vault maps discovered:
D:1:      ncdulo_lavacross, layout_basic, shapermc_ecumenical_altar_venn,
          st_stairs_14, minivault_19, kennysheep_flooded_box
D:2:      layout_loops_ring, uniq_terence

Skill      XL: |  1  2 |
---------------+-------+-----
Transmutations | 1 |  1.0
Earth Magic    | 4 |  4.0
Dodging        | |  1.9
Stealth        | |  2.7
Spellcasting   | |  2.3

Action                   || total
-------------------------++-------
Melee: Dagger            ||     9
 Cast: Sandblast         ||    31
Invok: Stomp             ||     1
 Stab: Sleeping          ||     1
Armor: Robe              ||     7
Dodge: Dodged            ||    27

Table legend: (Time is in decaauts)
 A = Elapsed time spent in this place.
 B = Non-inter-level travel time spent in this place.
 C = Inter-level travel time spent in this place.
 D = Time resting spent in this place.
 E = Time spent auto-exploring this place.
 F = Levels seen in this place.
 G = Mean time per level.
                   A        B        C        D        E       F      G
               +--------+--------+--------+--------+--------+-----+--------+
         Total |   1372 |   1347 |     25 |    474 |    612 |   2 |  686.0 |
       Dungeon |   1372 |   1347 |     25 |    474 |    612 |   2 |  686.0 |
               +--------+--------+--------+--------+--------+-----+--------+

Top non-repeatable levels by time:
     D:1: 925 daAuts
     D:2: 446 daAuts
